 Dungeon Crawl Stone Soup version 0.31.0-11-ge490571c62 (webtiles) character file.

Game seed: 6499205495675391431

3685 jestert79 the Firebug (level 9, -3/74 HPs)
             Began as a Yellow Draconian Wanderer on Jan 30, 2024.
             Was an Initiate of Gozag.
             Slain by a sky beast (6 damage)
             ... on level 7 of the Dungeon.
             The game lasted 00:29:41 (7988 turns).

jestert79 the Firebug (Yellow Draconian Wanderer)   Turns: 7988, Time: 00:29:43

Health: -3/74      AC:  9    Str: 19    XL:     9   Next: 90%
Magic:  16/16      EV: 13    Int: 18    God:    Gozag
Gold:   343        SH:  0    Dex: 17    Spells: 7/18 levels left

rFire   . . .        w - +0 quarterstaff
rCold   . . .        (shield currently unavailable)
rNeg    . . .        (body armour unavailable)
rPois   .            r - +0 hat
rElec   .            (no cloak)
rCorr   +            c - +1 pair of gloves
SInv    .            (no boots)
Will    .....        (no amulet)
Stlth   ++           d - +6 ring of strength
HPRegen 0.32/turn    u - +6 ring of dexterity
MPRegen 0.15/turn

%: no passive effects
@: attractive
A: spit acid, AC +7, unfitting armour, cold-blooded, acid resistance
a: Breathe Acid, Renounce Religion, Potion Petition, Call Merchant, Bribe Branch


You were on level 7 of the Dungeon.
You worshipped Gozag.
Gozag was aware of your devotion.
You visited 2 branches of the dungeon, and saw 9 of its levels.
You also visited: Sewer.

You collected 475 gold pieces.
You spent 39 gold pieces at shops.
You paid 93 gold pieces to Gozag.

Inventory:

Hand Weapons
 a - a +0 club
 j - a +4 vampiric dagger
 m - a +1 whip of freezing
 w - a +0 quarterstaff (weapon)
Armour
 c - a +1 pair of gloves (worn)
 r - a +0 hat (worn)
Jewellery
 d - a +6 ring of strength (left hand)
 p - a ring of flight
 u - a +6 ring of dexterity (right hand)
Wands
 i - a wand of flame (26)
 q - a wand of acid (2)
 y - a wand of polymorph (4)
Scrolls
 b - 3 scrolls of silence
 h - a scroll of enchant armour
 l - a scroll of enchant weapon
 o - 2 scrolls of teleportation
 x - 2 scrolls of fear
Potions
 e - 4 potions of curing
 f - 2 potions of magic
 k - a potion of resistance {unknown}
 n - 2 potions of invisibility
 s - a potion of enlightenment
 t - 2 potions of cancellation
 v - a potion of might
 z - a potion of berserk rage
 C - 2 potions of attraction


   Skills:
 - Level 5.5 Fighting
 - Level 3.5 Dodging
 - Level 1.7 Stealth
 - Level 5.0 Spellcasting
 - Level 5.0 Conjurations
 + Level 6.5 Summonings
 - Level 1.0 Translocations
 + Level 6.5 Fire Magic
 - Level 6.2 Earth Magic
 - Level 1.0 Invocations


You had 7 spell levels left.
You knew the following spells:

 Your Spells              Type           Power      Damage    Failure   Level
a - Sandblast             Erth           52%        2d12      1%          1
b - Passwall              Erth           26%        N/A       3%          3
c - Stone Arrow           Conj/Erth      48%        3d10      4%          3
d - Summon Blazeheart Go  Fire/Summ      28%        N/A       9%          4

Your spell library contained the following spells:

 Spells                   Type           Power      Damage    Failure   Level
 Summon Small Mammal      Summ           100%       N/A       1%          1
 Call Canine Familiar     Summ           28%        N/A       2%          3
 Shock                    Conj/Air       52%        1d6       4%          1
 Blink                    Tloc           16%        N/A       13%         2
 Lesser Beckoning         Tloc           16%        N/A       13%         2
 Brom's Barrelling Bould  Conj/Erth      24%        2d5       13%         4
 Fugue of the Fallen      Necr           4%         N/A       36%         3
 Swiftness                Air            4%         N/A       36%         3


Dungeon Overview and Level Annotations

Branches:
Dungeon (8/15)             Temple (1/1) D:6           Sewer (visited)
   Lair: D:8-11

Altars:
Ashenzari
Cheibriados
Dithmenos
Fedhas
Gozag
Hepliaklqana
Kikubaaqudgha
Makhleb
Nemelex Xobeh
Okawaru
Qazlal
Ru
Sif Muna
Trog
Wu Jian
Yredelemnul
Zin

Shops:
D:7 !

Annotations:
D:5 Dowan, Duvessa


Innate Abilities, Weirdness & Mutations

You can spit globs of acid.
Your golden yellow scales are hard. (AC +7)
You cannot fit into any form of body armour.
You are cold-blooded and may be slowed by cold attacks.
You are resistant to acid. (rCorr)


Message History

You feel sick. The sky beast hits you. The sky beast shocks you.
You climb upwards.
You feel very sick.
There is a stone staircase leading down here.
You barely miss the sky beast.
You feel sick. The sky beast misses you. The sky beast hits you.
The sky beast shocks you.
* * * LOW HITPOINT WARNING * * *
You hit the sky beast.
The sky beast is lightly wounded.
You feel sick. The sky beast hits you.
* * * LOW HITPOINT WARNING * * *
The sky beast shocks you.
* * * LOW HITPOINT WARNING * * *
You closely miss the sky beast.
The sky beast is lightly wounded.
You feel sick.
The sky beast hits you but does no damage.
You barely miss the sky beast.
The sky beast is lightly wounded.
You feel sick.
You are no longer poisoned.
The sky beast flickers out of sight!
Deactivating autopickup; reactivate with Ctrl-A.
Something hits you.
* * * LOW HITPOINT WARNING * * *
Something shocks you.
* * * LOW HITPOINT WARNING * * *
Something barely misses you.
Unknown command.
Unknown command.
Casting: Summon Blazeheart Golem (dangerous; 9% risk of failure)
Confirm with . or Enter, or press ? or * to list all spells.
Okay, then.
It was a potion of attraction.
You feel attractive to monsters. Something hits you.
* * * LOW HITPOINT WARNING * * *
Something shocks you.
You die...
Your body crumbles into a pile of gold.

........#####
##.....##
............#
#..#####
........###.##
####.##
........#
#<.## #....#
........#
##..###.####
........#
##..#..#
........#
##...##
........#
##.{##########
........#
##@.........#
........#
##########.##
.[......#
#..........#
....)...#
#.#######..#
######### #.#
#..# #.# #..#
#.# #..# #.#
#..#
##.#######..#


There were no monsters in sight!

Vanquished Creatures
  Pikel (D:6)
  Joseph (D:7)
  Maggie (D:7)
  A hornet (D:7)
  Menkaure (D:6)
  Edmund (D:6)
  An orc warrior (D:6)
  Pargi (Sewer)
  3 ice beasts
  3 lemures
  A phantom (D:5)
  A brain worm (Sewer)
  3 scorpions
  6 wights (D:7)
  2 bombardier beetles
  5 hounds
  4 orc priests
  2 jellies (D:7)
  Terence (D:2)
  Natasha (twice) (D:2)
  4 iguanas
  3 orc wizards
  2 sleepcaps
  5 adders
  2 ufetubi (D:6)
  2 ribbon worms (D:4)
  3 dart slugs
  22 orcs
  6 bats
  4 endoplasms
  5 giant cockroaches
  12 goblins
  4 hobgoblins
  5 jackals
  6 quokkas
  6 ball pythons
  9 frilled lizards
  8 kobolds
  4 rats
153 creatures vanquished.

Vanquished Creatures (collateral kills)
  A black bear (D:7)
  2 wights (D:7)
  2 kobolds (D:8)
5 creatures vanquished.

Vanquished Creatures (others)
  3 blazeheart cores
3 creatures vanquished.

Grand Total: 161 creatures vanquished

Notes
Turn   | Place    | Note
-------+----------+-------------------------------------------
     0 | D:1      | jestert79 the Draconian Wanderer began the quest for the
                  | Orb.
     0 | D:1      | jestert79 set off with the following items: a +0 club, a
                  | scroll of silence, a +0 pair of gloves; and the following
                  | spells available to memorise: Sandblast, Shock, Blink,
                  | Lesser Beckoning, Fugue of the Fallen, Swiftness.
     0 | D:1      | Reached XP level 1. HP: 14/14 MP: 6/6
     2 | D:1      | Learned a level 1 spell: Sandblast
   123 | D:1      | Reached skill level 1 in Earth Magic
   334 | D:1      | Reached XP level 2. HP: 20/20 MP: 1/8
  1085 | D:2      | Found a faded altar of an unknown god.
  1115 | D:2      | Reached XP level 3. HP: 26/26 MP: 5/9
  1206 | D:2      | Noticed Terence
  1225 | D:2      | Noticed Natasha
  1241 | D:2      | Killed Natasha
  1284 | D:2      | Killed Terence
  1285 | D:2      | Reached XP level 4. HP: 28/33 MP: 7/11
  1804 | D:3      | HP: 1/33 [sleepcap (6)]
  1838 | D:2      | Noticed Natasha
  1949 | D:2      | Killed Natasha
  1950 | D:2      | Reached XP level 5. HP: 38/38 MP: 9/12
  2061 | D:3      | Reached skill level 5 in Earth Magic
  2580 | D:3      | Found a sparkling altar of Nemelex Xobeh.
  2902 | D:4      | Found a glowing drain.
  2909 | D:4      | Reached XP level 6. HP: 45/45 MP: 8/13
  3021 | Sewer    | Entered a sewer
  3030 | Sewer    | Learned a level 3 spell: Passwall
  3034 | Sewer    | Learned a level 3 spell: Stone Arrow
  3076 | Sewer    | Reached skill level 1 in Fighting
  3076 | Sewer    | Reached skill level 1 in Conjurations
  3135 | Sewer    | Noticed Pargi
  3146 | Sewer    | Killed Pargi
  3335 | D:4      | Your scales start taking on a golden yellow colour.
  3335 | D:4      | Reached XP level 7. HP: 50/56 MP: 8/14
  3335 | D:4      | Gained mutation: You are resistant to acid. (rCorr) [Yellow
                  | Draconian growth]
  3980 | D:5      | Entered Level 5 of the Dungeon
  4108 | D:4      | Reached skill level 1 in Dodging
  4628 | D:5      | Reached XP level 8. HP: 62/67 MP: 3/15
  4747 | D:5      | Found a sacrificial altar of Ru.
  5116 | D:5      | Noticed Duvessa
  5116 | D:5      | Noticed Dowan
  5127 | D:5      | Duvessa changed into Duvessa the entropy weaver
  5127 | D:5      | Noticed Duvessa
  5349 | D:6      | Reached skill level 5 in Fighting
  5441 | D:6      | Noticed Edmund
  5652 | D:6      | Killed Edmund
  5653 | D:6      | Reached skill level 5 in Conjurations
  5751 | D:6      | Learned a level 4 spell: Summon Blazeheart Golem
  5806 | D:6      | Noticed Menkaure
  5810 | D:6      | Killed Menkaure
  5811 | D:6      | Reached skill level 1 in Summonings
  5811 | D:6      | Reached skill level 1 in Fire Magic
  5884 | D:6      | Found a staircase to the Ecumenical Temple.
  5921 | Temple   | Found a transporter.
  5921 | Temple   | Found a transporter.
  5921 | Temple   | Found a transporter.
  5921 | Temple   | Found a transporter.
  5921 | Temple   | Entered the Ecumenical Temple
  5966 | Temple   | Became a worshipper of Gozag Ym Sagoz the Greedy
  6254 | D:6      | Noticed Pikel
  6269 | D:6      | Killed Pikel
  6270 | D:6      | Reached XP level 9. HP: 74/74 MP: 3/16
  6794 | D:7      | Found Juonarar's Distillery.
  6802 | D:7      | Bought a potion of curing for 39 gold pieces
  7050 | D:7      | Noticed Maggie
  7057 | D:7      | Killed Maggie
  7185 | D:7      | Noticed Joseph
  7197 | D:7      | Killed Joseph
  7198 | D:7      | Reached skill level 5 in Summonings
  7198 | D:7      | Reached skill level 5 in Fire Magic
  7680 | D:7      | Found a glowing silver altar of Zin.
  7762 | D:7      | Found an iron altar of Okawaru.
  7817 | D:7      | Noticed Jeremiah
  7819 | D:7      | Jeremiah changed into Jeremiah the jelly
  7819 | D:7      | Noticed Jeremiah
  7827 | D:7      | Killed Jeremiah the jelly
  7988 | D:7      | HP: 3/74 [something (1)]
  7988 | D:7      | Slain by a sky beast

Illustrated notes

Levels and vault maps discovered:
D:1:      minmay_arrival_plants_in_alcoves, layout_loops_ring,
          minmay_misc_feat_x, minmay_misc_feat_pillars
D:2:      layout_basic, nicolae_ecumenical_pavilion, uniq_natasha, uniq_terence
D:3:      layout_loops_ring, nicolae_overflow_crystal_walls, minmay_bisected
D:4:      layout_basic, portal_sewer_entry_f, minmay_tree_intersection
D:5:      layout_basic, jmf_multi_god_temple2, mainiacjoe_overflow_24_doors,
          amcnicky_mini_rare_corridor_liquid, st_stairs_13, uniq_duvessa
D:6:      layout_gridville, minmay_temple_entry_glass, uniq_menkaure,
          uniq_edmund, uniq_pikel
D:7:      layout_basic, mainiacjoe_overflow_two_lobes, serial_shops,
          nicolae_diamond_shop, uniq_jeremiah, uniq_maggie, uniq_joseph
D:8:      layout_layer_cave, mainiacjoe_overflow_catwalk,
          due_lair_maze_entry_diamond, grunt_ministairs_10,
          nicolae_phantomly_mirrored
Temple:   hellmonk_temple_divided_pantheon

Skill      XL: |  1  2  3  4  5  6  7  8  9 |
---------------+----------------------------+-----
Earth Magic    | 1 2 3 4 5 6 |  6.2
Fighting       | 2 4 5 |  5.5
Conjurations   | 2 4 5 |  5.0
Dodging        | 2 3 |  3.5
Summonings     | 3 6 |  6.5
Fire Magic     | 3 6 |  6.5
Stealth        | |  1.7
Spellcasting   | |  5.0
Translocations | |  1.0
Invocations    | |  1.0

Action                     |  1- 3 |  4- 6 |  7- 9 || total
---------------------------+-------+-------+-------++-------
  Melee: Dagger            |     9 |    22 |    70 ||   101
         Tailslap          |     1 |     8 |    15 ||    24
         Punch             |     1 |       |     1 ||     2
         Quarterstaff      |       |       |    12 ||    12
   Cast: Sandblast         |    44 |    76 |   102 ||   222
         Stone Arrow       |       |     4 |    53 ||    57
         Summon Blazeheart |       |       |     3 ||     3
Ability: Breathe Acid      |       |       |     7 ||     7
  Evoke: Wand              |       |       |     7 ||     7
    Use: Scroll            |       |     3 |    15 ||    18
         Potion            |       |       |     1 ||     1
   Stab: Sleeping          |     1 |       |     1 ||     2
 Armour: Skin              |    12 |    41 |   141 ||   194
  Dodge: Dodged            |    18 |    44 |   137 ||   199
